 Dungeon Crawl Stone Soup version 0.21-a0-421-gfc1ce30 (webtiles) character file.

63 zorance the Firebug (level 3, 0/19 HPs)
             Began as a Deep Elf Fire Elementalist on Nov 4, 2017.
             Slain by a frilled lizard (1 damage)
             ... on level 2 of the Dungeon.
             The game lasted 00:04:02 (1629 turns).

zorance the Firebug (Deep Elf Fire Elementalist)    Turns: 1629, Time: 00:04:03

Health: 0/19       AC:  2    Str:  5    XL:     3   Next: 89%
Magic:  1/10       EV: 13    Int: 20    God:
Gold:   31         SH:  0    Dex: 15    Spells: 8/9 levels left

rFire    . . .     SeeInvis .   g - +2 dagger (venom)
rCold    . . .     Gourm    .   (no shield)
rNeg     . . .     Faith    .   a - +0 robe
rPois    .         Spirit   .   (no helmet)
rElec    .         Reflect  .   (no cloak)
rCorr    .         Harm     .   (no gloves)
MR       .....                  (no boots)
Stlth    ++........             m - amulet of inaccuracy (curse)
HPRegen  0.06/turn              (no ring)
MPRegen  0.12/turn              (no ring)

@: no status effects
A: no striking features
a: no special abilities


You were on level 2 of the Dungeon.
You were not hungry.

You visited 1 branch of the dungeon, and saw 3 of its levels.

You collected 31 gold pieces.

Inventory:

Hand Weapons
 g - a +2 dagger of venom (weapon)
 l - a +0 hunting sling
Missiles
 h - 30 stones (quivered)
Armour
 a - a +0 robe (worn)
Jewellery
 f - an uncursed amulet of faith
 m - a cursed amulet of inaccuracy (around neck)
Scrolls
 n - a scroll of remove curse {unknown}
Potions
 d - 3 potions of brilliance {unknown}
 e - a potion of lignification {unknown}
 j - a potion of magic {unknown}
Books
 b - a book of Flames

   Spells                             Type                      Level
   a - Flame Tongue                   Conjuration/Fire             1
   b - Throw Flame                    Conjuration/Fire             2
   c - Conjure Flame                  Conjuration/Fire             3
   d - Inner Flame                    Hexes/Fire                   3
   e - Sticky Flame                   Conjuration/Fire             4
   f - Fireball                       Conjuration/Fire             5
Comestibles
 c - a bread ration
 i - 4 fruits
 k - 2 meat rations
 o - a chunk of flesh


   Skills:
 - Level 2.4 Dodging
 - Level 2.4 Stealth
 + Level 3.7 Spellcasting
 * Level 2.7 Conjurations
 * Level 4.2 Fire Magic


You had 8 spell levels left.
You knew the following spells:

 Your Spells              Type           Power        Failure   Level  Hunger
a - Flame Tongue          Conj/Fire      ###..        3%          1    None


Dungeon Overview and Level Annotations

Branches:
Dungeon (3/15)

Altars:


Message History

You miss the giant cockroach.
The giant cockroach is severely wounded.
The giant cockroach barely misses you. The frilled lizard misses you.
The giant cockroach misses you.
You hit the giant cockroach.
The giant cockroach is poisoned.
The giant cockroach is almost dead.
You kill the giant cockroach!
The frilled lizard bites you.
* * * LOW HITPOINT WARNING * * *
You barely miss the frilled lizard. The frilled lizard closely misses you.
You barely miss the frilled lizard. The frilled lizard bites you.
* * * LOW HITPOINT WARNING * * *
Casting: Flame Tongue
Confirm with . or Enter, or press ? or * to list all spells.
Aiming: Flame Tongue
Press: ? - help, Shift-Dir - straight line, f - frilled lizard
Aim: a frilled lizard The flame tongue misses the frilled lizard.
The frilled lizard bites you.
You die...

............##..##..#
..(.................#
##...#...#<........#
....###.#..........##
#.$.#?..#.#.........
#....##.#....#.##
###.)........#.###
##l##.#..#.....#
#@.#.#..#.#.#.####
#.#.....#.).......
#.##.#..#.#.#.####
#.##..........#
.........######
#.######.# . (.#
##.#.#
....####.###.##
#.....## ##.#


You could see a frilled lizard.

Vanquished Creatures
  Terence (D:2)
  An adder (D:1)
  A dart slug (D:1)
  A leopard gecko (D:2)
  A ball python (D:1)
  4 giant cockroaches
  4 goblins
  2 hobgoblins (D:1)
  7 kobolds
  4 bats (D:1)
26 creatures vanquished.

Notes
Turn   | Place    | Note
-------+----------+-------------------------------------------
     0 | D:1      | zorance the Deep Elf Fire Elementalist began the quest for the Orb.
     0 | D:1      | Reached XP level 1. HP: 10/10 MP: 6/6
   137 | D:1      | Reached XP level 2. HP: 6/15 MP: 2/8
  1142 | D:1      | Reached XP level 3. HP: 15/19 MP: 2/9
  1612 | D:2      | Noticed Terence
  1621 | D:2      | Killed Terence
  1621 | D:2      | Reached skill level 4 in Fire Magic
  1629 | D:2      | Slain by a frilled lizard

Vault maps used:
D:1:      sevenhm_arrival_forest_fort_small_4
D:2:      overflow_temple_1_default, kennysheep_boxes, uniq_terence
D:3:      lemuel_crystal_altar, nicolae_ru_great_annihilating_truth,
          gammafunk_temple_overflow_statue, gammafunk_temple_overflow_elements,
          chequers_ecumenical_altar_twisty, minmay_mini_jars

Skill      XL: |  1  2  3 |
---------------+----------+-----
Conjurations   | 2 |  2.7
Fire Magic     | 4 |  4.2
Dodging        | |  2.4
Stealth        | |  2.4
Spellcasting   | |  3.7

Action                   || total
-------------------------++-------
Melee: Dagger            ||    12
 Cast: Flame Tongue      ||    48
  Eat: Chunk             ||     2
Armor: Robe              ||     8
Dodge: Dodged            ||    41

Table legend:
 A = Spawn XP
 B = Non-spawn XP
 C = Spawn XP percentage of total XP
 D = Spawn monster count
 E = Non-spawn monster count
 F = Spawn count percentage of total count
 G = Total turns spent on level
                    A         B        C        D         E        F      G
               +---------+---------+-------+---------+---------+-------+---------
         Total |       0 |      91 |   0.0 |       0 |      26 |   0.0 |  1629
               +---------+---------+-------+---------+---------+-------+---------
           D:1 |       0 |      45 |   0.0 |       0 |      20 |   0.0 |  1549
           D:2 |       0 |      46 |   0.0 |       0 |       6 |   0.0 |    78
               +---------+---------+-------+---------+---------+-------+---------
